 Dungeon Crawl Stone Soup version 0.31.0-12-g77e489cdc1 (webtiles) character file.

Game seed: 1762200087588162508

6388 Couri the Toxicologist (level 10, -3/44 HPs)
             Began as a Spriggan Alchemist on Feb 12, 2024.
             Was an Elder of Nemelex Xobeh.
             Slain by a five-headed hydra (4 damage)
             ... on level 9 of the Dungeon.
             The game lasted 00:46:21 (11584 turns).

Couri the Toxicologist (Spriggan Alchemist)        Turns: 11584, Time: 00:46:23

Health: -3/44      AC:  6    Str:  4    XL:     10   Next: 66%
Magic:  13/25      EV: 22    Int: 21    God:    Nemelex Xobeh [****..]
Gold:   1437       SH:  0    Dex: 16    Spells: 18/30 levels left

rFire   . . .        v - +1 dagger (freeze)
rCold   . . .        (no shield)
rNeg    . . .        a - +1 robe
rPois   +            (helmet restricted)
rElec   .            N - +2 cloak
rCorr   .            (gloves unavailable)
SInv    +            (boots unavailable)
Will    +....        q - amulet of faith
Stlth   ++           m - ring of poison resistance
HPRegen 0.27/turn    t - ring of wizardry
MPRegen 0.19/turn

%: faith, wizardry (x1)
@: studying Alchemy, very quick
A: very small, no large weapons, unfitting armour, see invisible, speed 3
a: Renounce Religion, Draw Escape, Draw Destruction, Draw Summoning, Triple
Draw, Deal Four


You were on level 9 of the Dungeon.
You worshipped Nemelex Xobeh.
Nemelex Xobeh was greatly pleased with you.
You visited 1 branch of the dungeon, and saw 9 of its levels.
You also visited: Bailey.

You collected 1437 gold pieces.

Inventory:

Hand Weapons
 h - a +5 heavy trident
 u - a +1 dagger of venom
 v - a +1 dagger of freezing (weapon)
 z - a +0 shortbow
 D - a +2 dagger of venom
 F - a +3 dagger of draining
 H - a +1 whip of flaming
 K - a +0 arbalest
 O - a +4 trident of draining
 Q - a +2 short sword of venom
Missiles
 r - 2 throwing nets
Armour
 a - a +1 robe (worn)
 g - an orb of light
 N - a +2 cloak (worn)
 P - an orb of energy
Magical Staves
 y - a staff of death
 M - a staff of air
Jewellery
 m - a ring of poison resistance (left hand)
 p - a ring of resist corrosion
 q - an amulet of faith (around neck)
 t - a ring of wizardry (right hand)
 C - a ring of ice
Wands
 k - a wand of flame (30)
 A - a wand of paralysis (17)
 G - a wand of roots (7)
 I - a wand of digging (4)
Scrolls
 c - 2 scrolls of poison
 f - 3 scrolls of enchant armour
 i - 2 scrolls of fog
 j - 3 scrolls of vulnerability
 o - 2 scrolls of identify
 w - a scroll of silence
 B - a scroll of enchant weapon
 E - a scroll of blinking
 L - a scroll of fear {unknown}
 R - a scroll of teleportation
Potions
 b - 3 potions of magic
 d - 2 potions of curing
 e - 2 potions of brilliance
 l - 2 potions of haste
 n - 2 potions of degeneration
 s - 2 potions of enlightenment
 x - a potion of attraction
 J - 2 potions of lignification {unknown}


   Skills:
 * Level 8.4 Dodging
 - Level 3.2 Stealth
 + Level 10.5 Spellcasting
 - Level 3.0 Conjurations
 - Level 3.0 Air Magic
 * Level 13.6 Alchemy


You had 18 spell levels left.
You knew the following spells:

 Your Spells              Type           Power      Damage    Failure   Level
a - Sting                 Conj/Alch      100%       1d9       1%          1
b - Mephitic Cloud        Conj/Alch/Air  38%        N/A       1%          3
c - Olgreb's Toxic Radia  Alch           62%        N/A       1%          4
d - Sticky Flame          Fire/Alch      39%        2d8       1%          4

Your spell library contained the following spells:

 Spells                   Type           Power      Damage    Failure   Level
 Mercury Vapours          Alch/Air       92%        N/A       1%          2
 Lesser Beckoning         Tloc           22%        N/A       4%          2
 Gell's Gravitas          Tloc           11%        N/A       8%          3
 Teleport Other           Tloc           11%        N/A       8%          3


Dungeon Overview and Level Annotations

Branches:
Dungeon (9/15)             Temple (0/1) D:6          Bailey (visited)
   Lair: D:8-11         Orc: D:9-12

Altars:
Nemelex Xobeh
Wu Jian

Shops:
D:4 (


Innate Abilities, Weirdness & Mutations

You are very small and have problems with some larger weapons.
You are too small for most types of armour.
You have supernaturally acute eyesight. (SInv)
You cover ground extremely quickly. (Speed+++)


Message History

You don't know that spell.
Unknown command.
Casting: Sting (safe; 1% risk of failure)
Confirm with . or Enter, or press ? or * to list all spells.
Okay, then.
Casting: Sting (safe; 1% risk of failure)
Confirm with . or Enter, or press ? or * to list all spells.
You begin to radiate toxic energy.
Press: ? - help, v - describe, . - travel
Here: a five-headed hydra The floor.
A five-headed hydra is nearby!
Casting: Olgreb's Toxic Radiance (safe; 1% risk of failure)
Confirm with . or Enter, or press ? or * to list all spells.
Aiming: Sticky Flame (dangerous; 1% risk of failure)
Press: ? - help, Shift-Dir - straight line, f/p - five-headed hydra
Aim: a five-headed hydra The sticky flame hits the five-headed hydra!
The five-headed hydra is lightly wounded.
The tengu warrior is poisoned.
Your toxic aura wanes.
The five-headed hydra burns!
The five-headed hydra closely misses you. x2
The five-headed hydra barely misses you.
The five-headed hydra bites you! The five-headed hydra bites you.
Casting: Sticky Flame (dangerous; 1% risk of failure)
Confirm with . or Enter, or press ? or * to list all spells.
Aiming: Sticky Flame (dangerous; 1% risk of failure)
Press: ? - help, Shift-Dir - straight line, f/p - five-headed hydra
Aim: a five-headed hydra (moderately wounded, covered in liquid flames)
The sticky flame hits the five-headed hydra.
The five-headed hydra is moderately wounded.
The five-headed hydra burns!
The five-headed hydra bites you!
* * * LOW HITPOINT WARNING * * *
The five-headed hydra completely misses you.
The five-headed hydra bites you!
* * * LOW HITPOINT WARNING * * *
The five-headed hydra bites you.
You die...
Your body glows with a rainbow of weird colours and disappears.

##..#.....#..
##...##...##..
#..Q.###.###..
####.###.##.##.##
<.#..###.#.#C###
#.##..####.####.
#.#.......8.....
#######.'Q..####.####.
#....@D.#..###.#.#D###
####'####D###.##.##.##
#.## #....###.###..
#..# ##...##...##..
##.## ##..#.....#..
#<.# ##...#.....# ##.#
#####. #+#


You could see a five-headed hydra (burning) and a tengu warrior (poisoned).

Vanquished Creatures
  An orc knight (Bailey)
  Pikel (D:7)
  Jeremiah (D:8)
  A troll (D:7)
  A hornet (D:7)
  A wyvern (D:9)
  A steam dragon (D:7)
  2 water moccasins
  10 orc warriors
  An ice beast (D:7)
  A sky beast (D:7)
  3 ogres
  2 phantoms
  2 centaurs
  A lemure (D:7)
  2 kobold brigands
  A bullfrog (D:8)
  A gnoll sergeant (D:5)
  4 scorpions
  6 killer bees (D:8)
  5 howler monkeys
  2 jellies
  2 bombardier beetles
  3 hounds (D:5)
  5 orc priests
  A sleepcap (D:7)
  4 iguanas
  Crazy Yiuf (D:7)
  9 orc wizards
  8 adders
  6 gnolls
  A shadow imp (D:8)
  2 ufetubi (D:5)
  2 ribbon worms
  A dart slug (D:2)
  56 orcs
  A bat (D:3)
  5 endoplasms
  2 giant cockroaches
  6 goblins
  5 hobgoblins
  2 jackals (D:2)
  5 quokkas
  4 ball pythons
  3 frilled lizards (D:1)
  18 kobolds
  3 rats
205 creatures vanquished.

Vanquished Creatures (collateral kills)
  A skeletal warrior (D:7)
  A phantom (D:6)
  A gnoll bouda (D:6)
  An orc wizard (D:6)
  A gnoll (D:6)
  3 orcs (D:6)
8 creatures vanquished.

Grand Total: 213 creatures vanquished

Notes
Turn   | Place    | Note
-------+----------+-------------------------------------------
     0 | D:1      | Couri the Spriggan Alchemist began the quest for the Orb.
     0 | D:1      | Reached XP level 1. HP: 9/9 MP: 5/5
   381 | D:1      | Reached XP level 2. HP: 13/13 MP: 3/6
   815 | D:2      | Identified the +0 leather armour "Qubba" {Rampage rF++ rC+}
  1115 | D:2      | Reached skill level 4 in Alchemy
  1115 | D:2      | Reached XP level 3. HP: 16/16 MP: 4/8
  1526 | D:2      | Found a faded altar of an unknown god.
  1653 | D:2      | Learned a level 3 spell: Mephitic Cloud
  2285 | D:3      | Reached XP level 4. HP: 17/21 MP: 2/10
  2312 | D:3      | Reached skill level 5 in Alchemy
  2574 | D:3      | Reached skill level 1 in Conjurations
  3301 | D:4      | Reached XP level 5. HP: 5/24 MP: 9/12
  3521 | D:4      | Reached skill level 1 in Air Magic
  3607 | D:4      | Found Dear's Weapon Boutique.
  3645 | D:4      | Found a sparkling altar of Nemelex Xobeh.
  3665 | D:4      | Became a worshipper of Nemelex Xobeh the Trickster
  4206 | D:4      | Reached * piety under Nemelex Xobeh
  4217 | D:4      | Noticed a phantom
  4475 | D:3      | Killed a phantom
  4476 | D:3      | Reached XP level 6. HP: 18/28 MP: 1/14
  5024 | D:5      | Entered Level 5 of the Dungeon
  5342 | D:5      | Reached skill level 5 in Spellcasting
  5422 | D:5      | Reached XP level 7. HP: 22/32 MP: 7/15
  5572 | D:5      | Received a gift from Nemelex Xobeh
  6003 | D:5      | Reached skill level 6 in Alchemy
  6238 | D:5      | Reached skill level 7 in Alchemy
  6238 | D:5      | Reached XP level 8. HP: 27/36 MP: 18/18
  6279 | D:5      | Reached ** piety under Nemelex Xobeh
  6972 | D:6      | Reached skill level 8 in Alchemy
  7106 | D:6      | Found an ornate altar of the Wu Jian Council.
  7221 | D:6      | Found a staircase to the Ecumenical Temple.
  7490 | D:7      | Noticed Pikel
  7523 | D:7      | HP: 1/36 [Pikel/+1 whip of flaming (2)]
  7528 | D:7      | Killed Pikel
  7529 | D:7      | Reached skill level 9 in Alchemy
  7692 | D:7      | Reached XP level 9. HP: 18/39 MP: 17/22
  7789 | D:7      | Reached skill level 10 in Alchemy
  8056 | D:7      | Noticed a troll
  8088 | D:7      | Killed a troll
  8339 | D:7      | Learned a level 4 spell: Olgreb's Toxic Radiance
  8378 | D:7      | Learned a level 4 spell: Sticky Flame
  8394 | D:7      | Noticed a skeletal warrior
  8435 | D:7      | Killed a skeletal warrior
  8436 | D:7      | Reached skill level 11 in Alchemy
  8499 | D:7      | Reached skill level 5 in Dodging
  8598 | D:7      | Reached *** piety under Nemelex Xobeh
  8843 | D:7      | Reached XP level 10. HP: 44/44 MP: 10/24
  9255 | D:7      | Found a runed translucent door.
  9256 | D:7      | Noticed Crazy Yiuf
  9269 | D:7      | Killed Crazy Yiuf
  9447 | D:8      | Noticed Jeremiah
  9468 | D:8      | Killed Jeremiah
  9469 | D:8      | Reached skill level 12 in Alchemy
  9654 | D:8      | Reached skill level 10 in Spellcasting
  9752 | D:8      | Found a flagged portal.
  9769 | Bailey   | Entered a bailey
 10629 | Bailey   | Noticed an orc knight
 10635 | Bailey   | Reached skill level 13 in Alchemy
 10656 | Bailey   | Killed an orc knight
 10777 | Bailey   | Identified a scroll of acquirement
 10777 | Bailey   | Acquired 930 gold pieces
 10992 | D:8      | Received a gift from Nemelex Xobeh
 11002 | D:8      | Reached **** piety under Nemelex Xobeh
 11563 | D:9      | Noticed a tengu warrior
 11563 | D:9      | Noticed a five-headed hydra
 11568 | D:9      | Noticed a cyclops
 11568 | D:9      | Noticed a fire dragon
 11584 | D:9      | HP: 1/44 [five-headed hydra (12)]
 11584 | D:9      | Slain by a five-headed hydra

Illustrated notes

Levels and vault maps discovered:
D:1:      spicycebolla_green_bress_n_ham_2, layout_rooms,
          nicolae_concentric_dashed_squares_wild
D:2:      layout_loops_cross, shapermc_ecumenical_altar_petra
D:3:      layout_loops_corners, minmay_misc_feat_iff
D:4:      layout_gridville, nemelex_xobeh_ov_fountains_minmay, serial_shops,
          shop_statue, kennysheep_flooded_box
D:5:      layout_loops_corners
D:6:      layout_cave_pools, nicolae_wu_jian_immortal_techniques, temple_green,
          minmay_misc_feat_columns
D:7:      layout_rooms, minmay_manual_moon, uniq_pikel, uniq_crazy_yiuf_cottage
D:8:      layout_basic, enter_bailey_2, uniq_jeremiah
D:9:      layout_roguey, nicolae_hepliaklqana_monster_ancestors,
          lemuel_crystal_altar, kb_rosetta

Skill      XL: |  1  2  3  4  5  6  7  8  9 10 |
---------------+-------------------------------+-----
Spellcasting   | 3 4 5 6 8 9 10 | 10.5
Alchemy        | 4 5 7 9 11 13 | 13.6
Conjurations   | 1 2 3 |  3.0
Air Magic      | 2 3 |  3.0
Dodging        | 5 8 |  8.4
Stealth        | |  3.2

Action                     |  1- 3 |  4- 6 |  7- 9 | 10-12 || total
---------------------------+-------+-------+-------+-------++-------
  Melee: Whip              |     1 |       |       |       ||     1
         Dagger            |    34 |    85 |   171 |   100 ||   390
         Punch             |       |       |     2 |     2 ||     4
   Cast: Sting             |    74 |   131 |   152 |   100 ||   457
         Mephitic Cloud    |     1 |     3 |     7 |     8 ||    19
         Sticky Flame      |       |       |     6 |     2 ||     8
         Olgreb's Toxic Ra |       |       |     4 |    14 ||    18
 Invoke: Draw Destruction  |       |       |     5 |       ||     5
         Draw Summoning    |       |       |     2 |       ||     2
    Use: Scroll            |       |     9 |     3 |     1 ||    13
         Potion            |       |     7 |       |       ||     7
   Stab: Confused          |       |     1 |       |     1 ||     2
         Distracted        |       |     1 |       |       ||     1
 Armour: Robe              |    15 |    50 |    85 |    56 ||   206
  Dodge: Dodged            |    37 |   115 |   166 |   117 ||   435
